 Dungeon Sprint DCSS version 0.21-a0-401-g0b6bec4 (webtiles) character file.

203 Ordine the Cutter (level 5, -2/42 HPs)
             Began as a Deep Elf Wizard on Oct 23, 2017.
             Was a Follower of Sif Muna.
             Slain by a draconian
             ... wielding a +0 dagger
              (5 damage)
             ... in the Dungeon (Sprint V: "Ziggurat Sprint").
             The game lasted 00:03:30 (287 turns).

Ordine the Cutter (Deep Elf Wizard)                  Turns: 287, Time: 00:03:30

Health: -2/42      AC:  2    Str:  9    XL:     5   Next: 51%
Magic:  15/15      EV: 13    Int: 36    God:    Sif Muna [*.....]
Gold:   0          SH:  8    Dex: 13    Spells: 13/16 levels left

rFire    . . .     SeeInvis .   a - +5 quick blade
rCold    . . .     Gourm    .   k - +3 buckler
rNeg     . . .     Faith    .   l - +0 robe
rPois    .         Spirit   .   F - +0 hat
rElec    .         Reflect  .   (no cloak)
rCorr    .         Harm     .   (no gloves)
MR       .....     NoTele   +   (no boots)
Stlth    ..........             (no amulet)
HPRegen  0.14/turn              I - +6 ring of intelligence
MPRegen  0.14/turn              H - +6 ring of intelligence

@: berserking, very quick
A: no striking features
a: Divine Energy, Renounce Religion


You were in the Dungeon.
You worshipped Sif Muna.
Sif Muna was aware of your devotion.
You were not hungry.

You visited 1 branch

Inventory:

Hand Weapons
 a - a +5 quick blade (weapon)
 K - the +6 Majin-Bo {vamp, Archmagi MP+6 Int+6}
   (You found it in the Dungeon)

   It inflicts no extra harm, but heals its wielder when it wounds a living foe.
   It affects your intelligence (+6).
   It affects your magic capacity (+6).
Armour
 k - a +3 buckler (worn)
 l - a +0 robe (worn)
 F - a +0 hat (worn)
Magical Staves
 b - an uncursed staff of energy
Jewellery
 H - a +6 ring of intelligence (right hand)
 I - a +6 ring of intelligence (left hand)
Wands
 y - a wand of disintegration (7/24)
 C - a wand of iceblast (5/15)
 D - a wand of lightning (5/15)
 E - a wand of acid (5/15)
Scrolls
 j - 4 scrolls of blinking
 o - 4 scrolls of amnesia
 p - 3 scrolls of recharging
 q - 7 scrolls of fog
 r - a scroll of holy word
 s - 5 scrolls of identify
 t - 5 scrolls of remove curse
 u - 2 scrolls of fear
Potions
 e - 10 potions of curing
 f - 9 potions of heal wounds
 g - 10 potions of haste
 h - 7 potions of magic
 i - a potion of berserk rage
 v - 2 potions of brilliance
 w - 2 potions of invisibility
 x - 4 potions of resistance
 A - 5 potions of agility
 B - 5 potions of might
Books
 c - a book of Minor Magic

   Spells                             Type                      Level
   a - Magic Dart                     Conjuration                  1
   b - Blink                          Translocation                2
   c - Call Imp                       Summoning                    2
   d - Slow                           Hexes                        2
   e - Conjure Flame                  Conjuration/Fire             3
   f - Mephitic Cloud                 Conjuration/Poison/Air       3
 L - a book of Dreams

   Spells                             Type                      Level
   a - Ensorcelled Hibernation        Hexes/Ice                    2
   b - Silence                        Hexes/Air                    5
   c - Darkness                       Hexes                        6
   d - Shadow Creatures               Summoning                    6
Miscellaneous
 z - a lamp of fire
 G - a crystal ball of energy
 J - a lightning rod (4/4)
Comestibles
 d - 5 bread rations
 m - 42 fruits
 n - 4 meat rations


   Skills:
 + Level 7.7 Short Blades
 + Level 0.8 Armour
 + Level 2.9 Dodging
 - Level 2.4 Stealth
 + Level 4.3 Shields
 + Level 6.1 Spellcasting
 + Level 3.6 Conjurations
   Level 1.1 Summonings
 + Level 3.6 Translocations
 + Level 3.3 Invocations
 + Level 3.3 Evocations


You had 13 spell levels left.
You knew the following spells:

 Your Spells              Type           Power        Failure   Level  Hunger
a - Magic Dart            Conj           ####         1%          1    None
b - Blink                 Tloc           N/A          1%          2    None


Dungeon Overview and Level Annotations

Branches:
Dungeon (1/1)

Altars:
Ashenzari
Cheibriados
Dithmenos
Elyvilon
Fedhas
Gozag
Hepliaklqana
Kikubaaqudgha
Makhleb
Nemelex Xobeh
Okawaru
Qazlal
Ru
Sif Muna
Trog
Uskayaw
Vehumet
Wu Jian
Xom
Yredelemnul
Zin
The Shining One
Beogh
Jiyva
Lugonu

Annotations:
D 1 transporter


Message History

* * * LOW HITPOINT WARNING * * *
The draconian roars!
Unknown command.
You feel much better.
A red film seems to cover your vision as you go berserk!
You feel yourself moving faster!
You feel mighty!
You closely miss the draconian. You closely miss the draconian.
You hit the draconian.
The draconian is lightly wounded.
You closely miss the draconian.
The draconian is lightly wounded.
The draconian hits you with a morningstar!
The yellow draconian throws acid at you.
The glob of acid hits you!
You are splashed with acid!
The acid burns!
* * * LOW HITPOINT WARNING * * *
You hit the draconian.
The draconian is lightly wounded.
The draconian hits you with a dagger.
You die...

▓▓▓▓▓▓▓▓▓▓▓▓▓▓▓▓▓▓▓
▓.8©8.▓.8©8.▓.8©8.▓
▓.[)=.▓...).▓.....▓
▓..=..▓.....▓.=...▓
▓..d..▓.....▓.)[..▓
▓.ddd.▓.....▓.....▓
▓..@..▓...†.▓..©..▓
▓..©..▓..©..▓▓▓▓▓▓▓
▓▓▓▓▓▓▓▓▓▓▓▓▓


You could see a yellow draconian and 3 draconians.

Vanquished Creatures
  Sigmund (D)
  Jessica (D)
  2 adders (D)
  A ball python (D)
5 creatures vanquished.

Notes
Turn   | Place    | Note
-------+----------+-------------------------------------------
     0 | D        | Found the +6 Majin-Bo {vamp, Archmagi MP+6 Int+6}
     0 | D        | Found the +7 great mace "Firestarter" {inner flame, rF++}
     0 | D        | Ordine the Deep Elf Wizard began the quest for the Orb.
     0 | D        | Reached XP level 1. HP: 10/10 MP: 7/7
     2 | D        | Found a blossoming altar of Fedhas.
     4 | D        | Found a viscous altar of Jiyva.
     4 | D        | Found a hazy altar of Hepliaklqana.
     4 | D        | Found a transporter.
     4 | D        | Found an opulent altar of Gozag.
     4 | D        | Found an ancient bone altar of Kikubaaqudgha.
     4 | D        | Found a corrupted altar of Lugonu.
    11 | D        | Found a burning altar of Makhleb.
    12 | D        | Found a stormy altar of Qazlal.
    12 | D        | Found a sacrificial altar of Ru.
    12 | D        | Found an iron altar of Okawaru.
    12 | D        | Found a deep blue altar of Sif Muna.
    12 | D        | Found a sparkling altar of Nemelex Xobeh.
    12 | D        | Found a bloodstained altar of Trog.
    36 | D        | Found the +9 heavy crossbow "Sniper" {velocity, Acc+∞ SInv}
    36 | D        | Found the +10 dark maul {crush}
    36 | D        | Found the +15 Maxwell's patent armour {-Cast -Tele rElec MR+ rCorr}
    36 | D        | Found the +18 shield of the Gong {rElec rN+ MR+ EV-5}
    36 | D        | Found the cursed +14 obsidian axe {chop, +Fly SInv *Curse}
    38 | D        | Found the +6 shillelagh "Devastator" {shatter}
    38 | D        | Found the +11 plutonium sword {*Contam Stlth-}
    38 | D        | Found the +8 lance "Wyrmbane" {slay drac, rPois rF+ rC+ AC+3}
    38 | D        | Found the +9 sword of Zonguldrok {reap}
    38 | D        | Found the cursed +13 scythe of Curses {drain, *Curse}
    38 | D        | Found the +0 sword of Power
    38 | D        | Found the -3 mace of Variability {chaos}
    38 | D        | Found the +7 Singing Sword
    38 | D        | Found the +7 longbow "Piercer" {penet, EV-2}
    50 | D        | Became a worshipper of Sif Muna the Loreminder
    66 | D        | Reached skill level 5 in Short Blades
    66 | D        | Reached XP level 2. HP: 15/15 MP: 9/9
    70 | D        | Learned a level 2 spell: Blink
    71 | D        | Entered arena 2.
    71 | D        | Noticed Sigmund
    71 | D        | Noticed Jessica
    71 | D        | Found a transporter.
    80 | D        | Killed Sigmund
    80 | D        | Reached * piety under Sif Muna
    80 | D        | Reached skill level 7 in Short Blades
    80 | D        | Reached skill level 5 in Spellcasting
    80 | D        | Reached XP level 3. HP: 11/19 MP: 10/12
    80 | D        | Reached XP level 4. HP: 14/24 MP: 10/13
    80 | D        | Reached XP level 5. HP: 17/28 MP: 11/15
    83 | D        | Killed Jessica
   255 | D        | Entered arena 3.
   255 | D        | Found a transporter.
   279 | D        | Entered arena 4.
   279 | D        | Noticed a draconian
   279 | D        | Noticed a draconian
   279 | D        | Noticed a draconian
   279 | D        | Noticed a yellow draconian
   279 | D        | Found a transporter.
   280 | D        | Found the ring of Robustness {AC+8}
   287 | D        | Slain by a draconian

Vault maps used:
D:        sprint_v

Skill      XL: |  1  2  3  4  5 |
---------------+----------------+-----
Short Blades   | 5 7 |  7.7
Shields        | 3 4 |  4.3
Spellcasting   | 5 6 |  6.1
Conjurations   | 3 |  3.6
Translocations | 3 |  3.6
Invocations    | 3 |  3.3
Evocations     | 3 |  3.3
Armour         | |  0.8
Dodging        | |  2.9
Stealth        | |  2.4
Summonings     | |  1.1

Action                   |  1- 3 |  4- 6 || total
-------------------------+-------+-------++-------
Melee: Quick blade       |     7 |    20 ||    27
  Use: Potion            |     2 |     2 ||     4
Armor: Robe              |     1 |       ||     1
Dodge: Dodged            |     3 |     3 ||     6
Block: Buckler           |     1 |     4 ||     5

Table legend:
 A = Spawn XP
 B = Non-spawn XP
 C = Spawn XP percentage of total XP
 D = Spawn monster count
 E = Non-spawn monster count
 F = Spawn count percentage of total count
 G = Total turns spent on level
                    A         B        C        D         E        F      G
               +---------+---------+-------+---------+---------+-------+---------
         Total |       0 |     278 |   0.0 |       0 |       5 |   0.0 |   287
               +---------+---------+-------+---------+---------+-------+---------
             D |       0 |     278 |   0.0 |       0 |       5 |   0.0 |   287
               +---------+---------+-------+---------+---------+-------+---------
